[Event "Titled Tuesday Blitz June 27 Late 2023"]
[White "Carlsen, Magnus"]
[Black "Jimenez Almeida, Luis David"]
[WhiteFideId "1503014"]
[BlackFideId "22242244"]
[WhiteElo "3293"]
[BlackElo "2532"]
[Result "1-0"]
[Round "1"]
[TimeControl "180+2"]
[Date "2023.06.27"]
[WhiteClock "0:02:30"]
[BlackClock "0:00:38"]
[Board "1"]

1. e4 c5 2. Nf3 e6 3. Bd3 Nc6 4. O-O d6 5. c3 Nf6 6. Bc2 e5 7. d4 Be7 8. d5 Nb8 9. a4 O-O 10. Na3 b6 11. Re1 Na6 12. Nc4 Nc7 13. Nfxe5 dxe5 14. d6 Bxd6 15. Qxd6 Qxd6 16. Nxd6 Be6 17. f4 exf4 18. Bxf4 Nfe8 19. e5 Nd5 20. Bg3 Nec7 21. a5 b5 22. a6 Rab8 23. Bf2 c4 24. Be4 Nb6 25. Bb7 h5 26. Bxb6 axb6 27. a7 Ra8 28. Red1 Kh7 29. h4 Bg4 30. Rd4 Ne6 31. Bxa8 Rxa8 32. Nxb5 Nxd4 33. cxd4 1-0


[Site "https://www.chess.com"]

[Event "Titled Tuesday Blitz June 27 Late 2023"]
[White "D`Arruda, Ricardo D."]
[Black "Nakamura, Hikaru"]
[WhiteFideId "100692"]
[BlackFideId "2016192"]
[WhiteElo "2530"]
[BlackElo "3212"]
[Result "0-1"]
[Round "1"]
[TimeControl "180+2"]
[Date "2023.06.27"]
[WhiteClock "0:01:04"]
[BlackClock "0:02:20"]
[Board "2"]

1. d4 Nf6 2. Nf3 b6 3. Nc3 Bb7 4. g3 c5 5. d5 e6 6. e4 exd5 7. exd5 Bd6 8. Bg2 O-O 9. O-O h6 10. Nb5 Ne8 11. Nxd6 Nxd6 12. Bf4 Ne8 13. c4 d6 14. Re1 Nd7 15. Qc2 Ndf6 16. Re2 Bc8 17. Rae1 Bg4 18. h3 Bh5 19. g4 Bg6 20. Qd2 b5 21. b3 bxc4 22. bxc4 Rb8 23. Nh4 Bh7 24. Nf5 Bxf5 25. gxf5 Rb4 26. Bf1 Nc7 27. Re7 Re8 28. Qe3 Rxe7 29. Qxe7 Qxe7 30. Rxe7 Ncxd5 31. cxd5 Rxf4 32. Rxa7 Nxd5 33. a4 c4 34. a5 c3 35. Bd3 Rd4 36. Ra8+ Kh7 37. Bc2 Nb4 38. Bb3 c2 39. Rc8 Rd1+ 40. Kg2 c1=Q 0-1


[Site "https://www.chess.com"]

[Event "Titled Tuesday Blitz June 27 Late 2023"]
[White "Nihal Sarin"]
[Black "Dushyant Sharma"]
[WhiteFideId "25092340"]
[BlackFideId "25065130"]
[WhiteElo "3121"]
[BlackElo "2529"]
[Result "1-0"]
[Round "1"]
[TimeControl "180+2"]
[Date "2023.06.27"]
[WhiteClock "0:01:34"]
[BlackClock "0:00:03"]
[Board "3"]

1. Nf3 d5 2. d4 e6 3. c4 Nf6 4. g3 Be7 5. Bg2 O-O 6. Qd3 c5 7. O-O dxc4 8. Qxc4 Nc6 9. dxc5 e5 10. Nc3 Be6 11. Qb5 Qc7 12. Ng5 Bd7 13. Qd3 g6 14. Nge4 Nxe4 15. Qxe4 Bf5 16. Qc4 Qa5 17. Be3 Rac8 18. Nd5 Bd8 19. b4 Qa4 20. Qb3 Qb5 21. Rfe1 Nd4 22. Qb2 Be6 23. Bxd4 exd4 24. Qxd4 f6 25. Nf4 Bf7 26. a4 Qe8 27. Bxb7 Rb8 28. Bd5 Bc7 29. Bxf7+ Rxf7 30. Qc4 g5 31. Nd5 Be5 32. Ra3 Qe6 33. b5 Kg7 34. Rd3 Rc8 35. c6 a6 36. Nb6 Rcc7 37. Qxe6 1-0


[Site "https://www.chess.com"]

[Event "Titled Tuesday Blitz June 27 Late 2023"]
[White "only_strong_moves"]
[Black "Firouzja, Alireza"]
[BlackFideId "12573981"]
[WhiteElo "2529"]
[BlackElo "3114"]
[Result "0-1"]
[Round "1"]
[TimeControl "180+2"]
[Date "2023.06.27"]
[WhiteClock "0:01:49"]
[BlackClock "0:02:09"]
[Board "4"]

1. d4 Nf6 2. c4 g6 3. Nc3 Bg7 4. e4 O-O 5. Nf3 d6 6. Be2 Nbd7 7. O-O e5 8. Be3 c6 9. h3 exd4 10. Nxd4 Re8 11. f3 a6 12. Bf2 d5 13. exd5 cxd5 14. a4 dxc4 15. Bxc4 Ne5 16. Ba2 Bd7 17. f4 Nc6 18. Qb3 Nxd4 19. Bxd4 Be6 20. Qb6 Nd7 21. Qxd8 Bxd4+ 0-1


[Site "https://www.chess.com"]

[Event "Titled Tuesday Blitz June 27 Late 2023"]
[White "Naroditsky, Daniel"]
[Black "Kuzmin, Roman"]
[WhiteFideId "2026961"]
[BlackFideId "44134932"]
[WhiteElo "3102"]
[BlackElo "2528"]
[Result "1-0"]
[Round "1"]
[TimeControl "180+2"]
[Date "2023.06.27"]
[WhiteClock "0:01:27"]
[BlackClock "0:00:35"]
[Board "5"]

1. e4 c5 2. Nf3 d6 3. Bb5+ Bd7 4. a4 Nf6 5. Nc3 g6 6. O-O Bg7 7. e5 dxe5 8. Nxe5 Bxb5 9. axb5 O-O 10. Qf3 Qc7 11. Nc4 Nbd7 12. d3 b6 13. Bf4 e5 14. Bg3 Nh5 15. Rfe1 Rae8 16. Qc6 Qxc6 17. bxc6 Nb8 18. c7 Nc6 19. Nd6 f5 20. Nxe8 Rxe8 21. Bh4 Bf6 22. Bxf6 Nxf6 23. Nb5 Rc8 24. Nxa7 Rxc7 25. Nxc6 Rxc6 26. Rxe5 c4 27. d4 c3 28. bxc3 Rxc3 29. Re7 Kf8 30. Rb7 Rxc2 31. Ra8+ Ne8 32. h4 1-0


[Site "https://www.chess.com"]

[Event "Titled Tuesday Blitz June 27 Late 2023"]
[White "Peycheva, Gergana"]
[Black "Bluebaum, Matthias"]
[WhiteFideId "2916711"]
[BlackFideId "24651516"]
[WhiteElo "2528"]
[BlackElo "3065"]
[Result "0-1"]
[Round "1"]
[TimeControl "180+2"]
[Date "2023.06.27"]
[WhiteClock "0:00:04"]
[BlackClock "0:00:49"]
[Board "6"]

1. d4 d5 2. c4 e6 3. Nc3 Bb4 4. Qc2 Nf6 5. Bg5 dxc4 6. e3 b5 7. a4 c6 8. Nf3 Nbd7 9. Be2 Qb6 10. O-O Kf8 11. Ne5 h6 12. Bh4 Bb7 13. Bf3 Nxe5 14. dxe5 Nd7 15. Qe4 Nc5 16. Qf4 Nd3 17. Qe4 Rb8 18. Na2 c5 19. Qg4 Nxe5 20. Qg3 Nxf3+ 21. gxf3 Ba8 22. axb5 g5 23. Qe5 Ke7 24. Bg3 f6 25. Qc7+ Qxc7 26. Bxc7 Rxb5 27. Rfd1 Bxf3 28. Bd6+ Kf7 29. Rdc1 Rd8 30. Nxb4 Rxd6 31. Rxa7+ Kg6 32. Na2 Rxb2 33. Nc3 Rd3 34. h3 h5 35. Kh2 h4 36. Na4 Rxf2+ 37. Kg1 Rg2+ 38. Kf1 Rdd2 39. Nxc5 Rh2 0-1


[Site "https://www.chess.com"]

[Event "Titled Tuesday Blitz June 27 Late 2023"]
[White "Mamedov, Rauf"]
[Black "Ismagilov, Damir"]
[WhiteFideId "13401653"]
[BlackFideId "34199982"]
[WhiteElo "3059"]
[BlackElo "2527"]
[Result "1-0"]
[Round "1"]
[TimeControl "180+2"]
[Date "2023.06.27"]
[WhiteClock "0:00:16"]
[BlackClock "0:00:14"]
[Board "7"]

1. e4 c5 2. Nf3 g6 3. Bc4 Bg7 4. c3 d6 5. d4 cxd4 6. cxd4 Nf6 7. Nc3 O-O 8. Bb3 Bg4 9. Be3 Nc6 10. O-O Rc8 11. h3 Bxf3 12. Qxf3 a6 13. Rfd1 e5 14. dxe5 Nxe5 15. Qe2 Qe7 16. Bg5 Qd7 17. Rac1 h6 18. Bxf6 Bxf6 19. Nd5 Bd8 20. Qe3 Kg7 21. f4 Nc6 22. Kh2 h5 23. e5 dxe5 24. fxe5 Qe8 25. Re1 Bc7 26. Nxc7 Rxc7 27. Qc3 Kh7 28. e6 fxe6 29. Rxe6 Re7 30. Rce1 Qb8+ 31. Kg1 Rfe8 32. Rxe7+ Rxe7 33. Rxe7+ Nxe7 34. Qf6 Qc7 35. Qc3 Qb6+ 36. Kh1 Qd6 37. Bc2 b6 38. Qf3 Kg7 39. Qc3+ Qf6 40. Qe3 Qf1+ 41. Kh2 Qf6 42. Qg3 a5 43. Qc7 Kh6 44. Be4 g5 45. Qb8 Qf4+ 46. Qxf4 gxf4 47. Kg1 Kg5 48. Kf2 Kf6 49. Bd3 Ke5 50. Bb5 Nf5 51. Be8 h4 52. Kf3 Ne3 53. Bc6 Kf5 54. Ke2 Ke5 55. Kd3 Nd1 56. b3 Nf2+ 57. Ke2 Ne4 58. Kf3 Nc3 59. a4 Nb1 60. Ke2 Nc3+ 61. Kd3 Nd1 62. Kc4 Ne3+ 63. Kb5 Nf1 64. Kxb6 Nd2 65. Kxa5 Nxb3+ 66. Kb6 Nd4 67. a5 Kd6 68. Bf3 Nf5 69. a6 Ne7 70. Kb7 Kd7 71. a7 Nc6 72. Bxc6+ Kd6 73. a8=Q Kc5 74. Qf8+ Kd4 75. Qxf4+ Kc3 76. Qxh4 Kd2 77. Qf4+ Kc2 78. h4 Kb2 79. h5 Ka2 80. h6 Kb2 81. h7 Ka3 82. h8=Q Ka2 83. g4 Kb1 84. g5 Ka2 85. g6 Kb1 86. g7 Ka2 87. g8=Q+ Kb1 88. Qb3# 1-0


[Site "https://www.chess.com"]

[Event "Titled Tuesday Blitz June 27 Late 2023"]
[White "Shapiro, Viktor"]
[Black "Pranesh M"]
[WhiteFideId "4175700"]
[BlackFideId "35028600"]
[WhiteElo "2525"]
[BlackElo "3030"]
[Result "0-1"]
[Round "1"]
[TimeControl "180+2"]
[Date "2023.06.27"]
[WhiteClock "0:00:22"]
[BlackClock "0:01:08"]
[Board "8"]

1. c4 c5 2. Nc3 Nc6 3. g3 Nf6 4. Bg2 g6 5. Nf3 Bg7 6. O-O O-O 7. d3 d6 8. a3 Rb8 9. Rb1 b6 10. b4 Bb7 11. h3 Qd7 12. e4 e6 13. Bg5 h6 14. Bd2 Kh7 15. Re1 Rfe8 16. Qa4 Rbd8 17. Rbd1 Qc7 18. Be3 Nd7 19. d4 Nxd4 20. Nxd4 cxd4 21. Bxd4 Qxc4 22. Bxg7 Kxg7 23. Qxa7 Qc6 24. Nb5 Ra8 25. Rxd6 Qc8 26. Red1 Rd8 27. Qxb7 Qxb7 28. e5 Qc8 29. Bxa8 Qxa8 30. Rxd7 Rxd7 31. Rxd7 Qc6 32. Rd6 Qxb5 33. f4 Qc4 34. Kf2 b5 35. Ke3 Qc1+ 36. Rd2 Qxa3+ 37. Rd3 Qxb4 38. g4 Qe1+ 39. Kf3 b4 0-1


[Site "https://www.chess.com"]

[Event "Titled Tuesday Blitz June 27 Late 2023"]
[White "Grischuk, Alexander"]
[Black "Tologon tegin, Semetei"]
[WhiteFideId "4126025"]
[BlackFideId "13800574"]
[WhiteElo "3025"]
[BlackElo "2525"]
[Result "1/2-1/2"]
[Round "1"]
[TimeControl "180+2"]
[Date "2023.06.27"]
[WhiteClock "0:00:03"]
[BlackClock "0:00:04"]
[Board "9"]

1. Nf3 e6 2. g3 b6 3. Bg2 Bb7 4. O-O g6 5. c4 Bg7 6. Nc3 Ne7 7. e4 c5 8. d4 d6 9. Be3 O-O 10. d5 exd5 11. cxd5 Nd7 12. a4 Ne5 13. Nxe5 Bxe5 14. Qd2 Qd7 15. Rfe1 f5 16. Bh3 Qc7 17. Bg5 a6 18. Bxe7 Qxe7 19. exf5 gxf5 20. f4 Bd4+ 21. Kh1 Qf7 22. Bg2 Rae8 23. Qd3 b5 24. axb5 axb5 25. Qxb5 Bxc3 26. bxc3 Bxd5 27. Qf1 Bxg2+ 28. Qxg2 Qc4 29. Qd2 d5 30. Rad1 Re4 31. Kg1 Rd8 32. Rxe4 Qxe4 33. Re1 Qc4 34. Qc2 Rf8 35. Qd2 d4 36. cxd4 cxd4 37. Rc1 Qd5 38. Qd3 Re8 39. Rd1 Re4 40. Kf2 Kg7 41. Rd2 Kg6 42. h4 h6 43. Qf3 Qe6 44. h5+ Kf6 45. Qd3 Qd6 46. Qc4 Qb6 47. Qd3 Qc6 48. Ra2 Re3 49. Ra6 Rxd3 50. Rxc6+ Kg7 51. Rg6+ Kh7 52. Rf6 Rd2+ 53. Kf3 Rd3+ 54. Kg2 Rd2+ 55. Kh3 d3 56. Rxf5 Rd1 57. Rd5 Kg7 58. Rd6 Kf7 59. Kg4 d2 60. Kf5 Ke7 61. Rd3 Kf7 62. g4 Ke7 63. Rd4 Kf7 64. Rd7+ Ke8 65. Rd5 Ke7 66. Kg6 Ke6 67. Re5+ Kd6 68. Re2 Kc5 69. Kxh6 Kd4 70. g5 Kd3 71. Rxd2+ Rxd2 72. g6 Rg2 73. Kg7 Ke4 74. Kf6 Kxf4 75. h6 Ra2 76. h7 Ra6+ 77. Kg7 Kg5 78. h8=Q Ra7+ 79. Kg8 Ra8+ 80. Kh7 Rxh8+ 81. Kxh8 Kxg6 1/2-1/2


[Site "https://www.chess.com"]

[Event "Titled Tuesday Blitz June 27 Late 2023"]
[White "Oparin, Grigoriy"]
[Black "Bruedigam, Martin"]
[WhiteFideId "24125890"]
[BlackFideId "24608033"]
[WhiteElo "3022"]
[BlackElo "2523"]
[Result "1-0"]
[Round "1"]
[TimeControl "180+2"]
[Date "2023.06.27"]
[WhiteClock "0:02:04"]
[BlackClock "0:00:13"]
[Board "11"]

1. c4 Nf6 2. Nf3 e6 3. g3 d5 4. Bg2 Be7 5. d4 O-O 6. Qc2 c6 7. O-O b6 8. Nbd2 Bb7 9. Rd1 Nbd7 10. e4 Rc8 11. b3 Qc7 12. Bb2 Rfd8 13. Rac1 Qb8 14. Ne5 Nxe5 15. dxe5 Nd7 16. f4 Bb4 17. a3 Bxd2 18. Rxd2 dxc4 19. bxc4 Nc5 20. Rcd1 Rxd2 21. Qxd2 Ba6 22. f5 Bxc4 23. f6 h6 24. fxg7 Kxg7 25. Qf4 Nd3 26. Qf6+ Kg8 27. Rxd3 Bxd3 28. Bc1 Kf8 29. Bxh6+ Ke8 30. Qg7 c5 31. Qf8+ Kd7 32. Qxf7+ Kc6 33. Qxe6+ Kb7 34. Qd5+ 1-0


[Site "https://www.chess.com"]

[Event "Titled Tuesday Blitz June 27 Late 2023"]
[White "Perske, Thore"]
[Black "Andreikin, Dmitry"]
[WhiteFideId "12902195"]
[BlackFideId "4158814"]
[WhiteElo "2521"]
[BlackElo "3021"]
[Result "0-1"]
[Round "1"]
[TimeControl "180+2"]
[Date "2023.06.27"]
[WhiteClock "0:00:00"]
[BlackClock "0:01:01"]
[Board "12"]

1. e4 c5 2. Nf3 e6 3. g3 Nc6 4. Bg2 Nf6 5. d3 d5 6. Nbd2 Be7 7. O-O O-O 8. Re1 b5 9. e5 Nd7 10. Nf1 a5 11. h4 b4 12. h5 a4 13. h6 g6 14. a3 b3 15. c3 Ba6 16. N1h2 Qc7 17. Bf4 Rfc8 18. Ng4 Qd8 19. Qd2 Rab8 20. Rad1 Rb6 21. Qc1 Rbb8 22. Bg5 Bxg5 23. Nxg5 Qe7 24. Qf4 Rf8 25. Bh3 Rbe8 26. Qxa4 Bb7 27. Qf4 Ba6 28. Kh2 Bb7 29. Rd2 d4 30. c4 f5 31. exf6 Nxf6 32. Nxf6+ Rxf6 33. Qg4 Qf8 34. Kg1 Qxh6 35. Rde2 e5 36. Ne4 Rf5 37. Qh4 Qxh4 38. gxh4 Rf4 39. Nxc5 Rxh4 40. Bg2 Ba8 41. Nd7 Kg7 42. Nxe5 Rxe5 43. Rxe5 Nxe5 44. Bxa8 Nxd3 45. Re7+ Kf6 46. Rd7 Nxb2 47. c5 Na4 48. c6 b2 49. Rb7 d3 50. c7 d2 51. c8=Q d1=Q+ 52. Kg2 Qh1+ 53. Kg3 Qh2+ 54. Kf3 Rf4+ 0-1


[Site "https://www.chess.com"]

[Event "Titled Tuesday Blitz June 27 Late 2023"]
[White "Hakobyan, Aram"]
[Black "Bilan, Danila"]
[WhiteFideId "13306677"]
[BlackFideId "24161918"]
[WhiteElo "3021"]
[BlackElo "2519"]
[Result "1-0"]
[Round "1"]
[TimeControl "180+2"]
[Date "2023.06.27"]
[WhiteClock "0:01:50"]
[BlackClock "0:00:01"]
[Board "13"]

1. d4 d5 2. c4 c6 3. cxd5 cxd5 4. Bf4 Nf6 5. e3 Nc6 6. Bd3 Qb6 7. Nc3 Bg4 8. Nge2 e6 9. h3 Bh5 10. O-O Be7 11. Na4 Qa5 12. a3 O-O 13. b4 Qd8 14. Rc1 Bd6 15. Bxd6 Qxd6 16. Qd2 Rac8 17. Nf4 Bg6 18. Nxg6 hxg6 19. Nc5 Rc7 20. Rc2 Rfc8 21. Rfc1 Nd8 22. g3 b6 23. Na6 Rxc2 24. Rxc2 Qd7 25. Qc1 Rxc2 26. Qxc2 Ne8 27. a4 Nb7 28. Bb5 Qd8 29. Bxe8 Qxe8 30. Qc7 Nd8 31. b5 Qf8 32. Nb8 f6 33. Nc6 Nf7 34. Qxa7 Qa3 35. Kg2 Nd6 36. Qe7 Ne4 37. Qxa3 Kh7 38. a5 1-0


[Site "https://www.chess.com"]

[Event "Titled Tuesday Blitz June 27 Late 2023"]
[White "Liu, Casper"]
[Black "He, Anthony"]
[WhiteFideId "1454153"]
[BlackFideId "2088215"]
[WhiteElo "2513"]
[BlackElo "3008"]
[Result "1-0"]
[Round "1"]
[TimeControl "180+2"]
[Date "2023.06.27"]
[WhiteClock "0:01:39"]
[BlackClock "0:01:53"]
[Board "14"]

1. e4 c5 2. d4 cxd4 3. Qxd4 Nc6 4. Qe3 g6 5. Nc3 Bg7 6. Bd2 Nf6 7. O-O-O d6 8. f3 Be6 9. Nge2 Rc8 10. Nf4 Bd7 11. h4 h5 12. Kb1 a6 13. Bc4 Ne5 14. Bb3 b5 15. Ncd5 Nxd5 16. Nxd5 O-O 17. Bc3 a5 18. Qg5 Re8 19. Bxe5 Bxe5 20. Nf6+ Kf8 21. Qh6# 1-0


[Site "https://www.chess.com"]

[Event "Titled Tuesday Blitz June 27 Late 2023"]
[White "Salem, A.R. Saleh"]
[Black "Tissir, Mohamed"]
[WhiteFideId "9301348"]
[BlackFideId "9000240"]
[WhiteElo "3005"]
[BlackElo "2510"]
[Result "1-0"]
[Round "1"]
[TimeControl "180+2"]
[Date "2023.06.27"]
[WhiteClock "0:00:20"]
[BlackClock "0:00:36"]
[Board "15"]

1. d4 Nf6 2. c4 g6 3. Nc3 Bg7 4. e4 d6 5. h3 O-O 6. Be3 Nbd7 7. Nge2 a6 8. Qd2 c5 9. a4 cxd4 10. Nxd4 Nc5 11. Qc2 Ne6 12. Nf3 Bd7 13. Be2 Bc6 14. O-O Nd7 15. Rfd1 Ne5 16. Ne1 a5 17. f4 Bh6 18. Qd2 Nd7 19. Nf3 Nec5 20. Qc2 Rc8 21. Nd4 e5 22. Nxc6 bxc6 23. Rxd6 Qe7 24. Rad1 Bxf4 25. Bf2 Rfd8 26. Bg4 Ne6 27. Bxe6 fxe6 28. c5 Nf6 29. Qb3 Rxd6 30. cxd6 Qd7 31. Bc5 Nh5 32. Ne2 Bg5 33. Qc3 Nf4 34. Nxf4 Bxf4 35. Qxa5 h6 36. Qa7 Rd8 37. Qxd7 Rxd7 38. a5 1-0


[Site "https://www.chess.com"]

[Event "Titled Tuesday Blitz June 27 Late 2023"]
[White "Mattheii"]
[Black "Terry, Renato"]
[BlackFideId "3803457"]
[WhiteElo "2510"]
[BlackElo "3003"]
[Result "0-1"]
[Round "1"]
[TimeControl "180+2"]
[Date "2023.06.27"]
[WhiteClock "0:00:08"]
[BlackClock "0:00:56"]
[Board "16"]

1. d4 d5 2. c4 dxc4 3. Nf3 Nf6 4. e3 e6 5. Bxc4 a6 6. O-O c5 7. a4 Nc6 8. Qe2 Be7 9. Rd1 O-O 10. Nc3 Qc7 11. h3 Rd8 12. Ba2 Nb4 13. Bb3 b6 14. dxc5 Rxd1+ 15. Nxd1 bxc5 16. Bd2 Rb8 17. Bc4 a5 18. Rc1 Ne4 19. Nc3 Nxd2 20. Qxd2 Bb7 21. Nb5 Qc6 22. Rd1 Qb6 23. Qe2 Rd8 24. Rxd8+ Qxd8 25. Qd2 Qxd2 26. Nxd2 Bf6 27. b3 Kf8 28. Kf1 h5 29. f3 h4 30. Ke2 Ke7 31. Na3 Bb2 32. Nb5 f5 33. Kf2 g5 34. Be2 Be5 35. Nc4 Bg3+ 36. Kf1 Nc6 37. Bd3 Bc8 38. Ke2 Kf6 39. e4 Bd7 40. Nb6 Be8 41. exf5 exf5 42. Bxf5 Kxf5 0-1


[Site "https://www.chess.com"]

[Event "Titled Tuesday Blitz June 27 Late 2023"]
[White "Martinez Alcantara, Jose Eduardo"]
[Black "Martinez Reyes, Pedro Ramon"]
[WhiteFideId "3805662"]
[BlackFideId "3901807"]
[WhiteElo "3002"]
[BlackElo "2508"]
[Result "1-0"]
[Round "1"]
[TimeControl "180+2"]
[Date "2023.06.27"]
[WhiteClock "0:01:49"]
[BlackClock "0:00:11"]
[Board "17"]

1. e4 c5 2. Nf3 Nc6 3. c3 Nf6 4. Bd3 d5 5. e5 Ng4 6. Bb5 Bd7 7. Bxc6 bxc6 8. d3 Qc7 9. Qe2 h5 10. Bf4 e6 11. O-O Be7 12. h3 Nh6 13. c4 Nf5 14. Nc3 Rb8 15. b3 h4 16. Qd2 Rh5 17. cxd5 cxd5 18. Nxd5 exd5 19. e6 Bd6 20. exd7+ Kxd7 21. Bxd6 Qxd6 22. Rfe1 f6 23. Rac1 Rb4 24. d4 Nxd4 25. Nxd4 Rxd4 26. Qe2 Re5 27. Qb5+ Qc6 28. Qb8 Qc7 29. Qf8 Rxe1+ 30. Rxe1 Kc6 31. Qe8+ Kb7 32. Qb5+ Qb6 33. Re7+ Kc8 34. Qd7+ 1-0


[Site "https://www.chess.com"]

[Event "Titled Tuesday Blitz June 27 Late 2023"]
[White "Kirillov, Dmitry"]
[Black "Sargsyan, Shant"]
[WhiteFideId "34180572"]
[BlackFideId "13306766"]
[WhiteElo "2507"]
[BlackElo "2997"]
[Result "0-1"]
[Round "1"]
[TimeControl "180+2"]
[Date "2023.06.27"]
[WhiteClock "0:00:30"]
[BlackClock "0:00:42"]
[Board "18"]

1. Nf3 g6 2. g3 Bg7 3. d4 d6 4. Bg2 Nf6 5. O-O O-O 6. c4 Ne4 7. Nc3 Nxc3 8. bxc3 c5 9. Be3 Qa5 10. Qb3 Nc6 11. Qb5 a6 12. Qb3 Rb8 13. d5 Ne5 14. Nxe5 Bxe5 15. Bh6 Re8 16. Bd2 b5 17. cxb5 Rxb5 18. Qc2 Qa3 19. Rab1 Bg4 20. f3 Bd7 21. c4 Rbb8 22. Rxb8 Rxb8 23. Rb1 Rxb1+ 24. Qxb1 Kg7 25. Qb3 Qa4 26. Kf2 h5 27. h4 Bd4+ 28. e3 Bf6 29. Bc3 Bxc3 30. Qxc3+ f6 31. Qb3 Qb4 32. Ke2 a5 33. Bf1 g5 34. Kd1 Ba4 0-1


[Site "https://www.chess.com"]

[Event "Titled Tuesday Blitz June 27 Late 2023"]
[White "Galperin, Platon"]
[Black "Graif, William"]
[WhiteFideId "14165414"]
[BlackFideId "2609835"]
[WhiteElo "2996"]
[BlackElo "2507"]
[Result "1-0"]
[Round "1"]
[TimeControl "180+2"]
[Date "2023.06.27"]
[WhiteClock "0:01:18"]
[BlackClock "0:00:00"]
[Board "19"]

1. d4 Nf6 2. Nf3 d5 3. c3 Bf5 4. Qb3 Qc8 5. Bf4 e6 6. e3 Be7 7. Nbd2 h6 8. Rc1 O-O 9. c4 c6 10. Be2 Nbd7 11. h3 Ne4 12. O-O a5 13. Qd1 Qd8 14. Nxe4 Bxe4 15. Bd3 Nf6 16. Ne5 a4 17. Rc2 Qa5 18. Bxe4 Nxe4 19. Qg4 Nf6 20. Qe2 Rfc8 21. Rfc1 Ne4 22. Nd3 Nd6 23. cxd5 exd5 24. Qg4 Kh7 25. Ne5 Qd8 26. Qh5 Qe8 27. Nd3 f6 28. Qf3 Ne4 29. Bh2 Qd7 30. g4 Qe6 31. h4 Ra6 32. h5 Rb6 33. Nf4 Qf7 34. Ng6 Bd6 35. Qf5 Bxh2+ 36. Kxh2 Nd6 37. Qd3 Kg8 38. Rg1 Qe6 39. f3 Nc4 40. e4 Rxb2 41. Rxb2 Nxb2 42. Qb1 Nc4 43. Qxb7 dxe4 44. Qxc8+ Qxc8 45. Ne7+ Kf7 46. Nxc8 exf3 47. Kg3 1-0


[Site "https://www.chess.com"]

[Event "Titled Tuesday Blitz June 27 Late 2023"]
[White "Jovic, Stanoje"]
[Black "Bortnyk, Olexandr"]
[WhiteFideId "905020"]
[BlackFideId "14120828"]
[WhiteElo "2506"]
[BlackElo "2982"]
[Result "0-1"]
[Round "1"]
[TimeControl "180+2"]
[Date "2023.06.27"]
[WhiteClock "0:00:00"]
[BlackClock "0:00:05"]
[Board "20"]

1. c4 Nf6 2. g3 g6 3. Bg2 Bg7 4. Nc3 O-O 5. Nf3 b6 6. O-O Bb7 7. Re1 c5 8. e4 d6 9. d4 cxd4 10. Nxd4 Nfd7 11. b3 Nc6 12. Nxc6 Bxc6 13. Bb2 Re8 14. Qd2 Qc8 15. Rac1 Qb7 16. h4 Nf6 17. Nd5 Bxd5 18. cxd5 Rac8 19. Rc6 Nd7 20. Bxg7 Kxg7 21. Rec1 Kg8 22. h5 Ne5 23. hxg6 hxg6 24. R6c2 Rxc2 25. Qxc2 Qa6 26. a4 Kg7 27. f4 Nd7 28. Qc3+ Kg8 29. Bf1 Qb7 30. Qc6 Rb8 31. b4 a5 32. Bb5 Nf6 33. bxa5 bxa5 34. Qxb7 Rxb7 35. Rc4 e6 36. dxe6 fxe6 37. Kf2 Kf7 38. Ke3 d5 39. exd5 Nxd5+ 40. Kd4 Ne7 41. g4 Kf6 42. Rc1 Nd5 43. Rf1 Rc7 44. g5+ Kg7 45. Bc4 Nb6 46. Bxe6 Nxa4 47. Ra1 Nc5 48. f5 gxf5 49. Bxf5 Nb3+ 50. Kd5 Nxa1 0-1


[Site "https://www.chess.com"]

[Event "Titled Tuesday Blitz June 27 Late 2023"]
[White "Yoo, Christopher Woojin"]
[Black "Toncheva, Nadya"]
[WhiteFideId "30909694"]
[BlackFideId "2924056"]
[WhiteElo "2980"]
[BlackElo "2503"]
[Result "1-0"]
[Round "1"]
[TimeControl "180+2"]
[Date "2023.06.27"]
[WhiteClock "0:00:19"]
[BlackClock "0:00:00"]
[Board "21"]

1. d4 d5 2. Nf3 Nf6 3. c4 dxc4 4. e3 e6 5. Bxc4 c5 6. O-O a6 7. Be2 Nc6 8. dxc5 Qxd1 9. Rxd1 Bxc5 10. b3 O-O 11. Bb2 Be7 12. Nbd2 b5 13. a4 bxa4 14. bxa4 Bb7 15. Nc4 Rfd8 16. Nfe5 Nxe5 17. Bxe5 Rxd1+ 18. Rxd1 Rd8 19. Bd6 Bxd6 20. Rxd6 Rc8 21. f3 Kf8 22. Na5 Bd5 23. e4 Rc5 24. Rxa6 Ba2 25. Ra8+ Ke7 26. Ra7+ Kf8 27. Nb7 Rc2 28. Bb5 g6 29. Nd6 e5 30. a5 Nh5 31. g3 g5 32. Nf5 Rc8 33. a6 Be6 34. Bd7 Bxd7 35. Rxd7 Ke8 36. Re7+ Kf8 37. Rxf7+ 1-0


[Site "https://www.chess.com"]

[Event "Titled Tuesday Blitz June 27 Late 2023"]
[White "ArchibaldCerveza29"]
[Black "Korobov, Anton"]
[BlackFideId "14105730"]
[WhiteElo "2501"]
[BlackElo "2972"]
[Result "0-1"]
[Round "1"]
[TimeControl "180+2"]
[Date "2023.06.27"]
[WhiteClock "0:00:02"]
[BlackClock "0:02:11"]
[Board "22"]

1. d4 Nf6 2. Nf3 e6 3. g3 b5 4. Bg2 Bb7 5. O-O d5 6. Nbd2 Nbd7 7. Re1 c5 8. b3 Rc8 9. Bb2 c4 10. c3 Be7 11. Ne5 Nxe5 12. dxe5 Ng4 13. e4 Nxe5 14. exd5 Nd3 15. dxe6 Bxg2 16. exf7+ Kxf7 17. Kxg2 Qd5+ 18. Nf3 Rhd8 19. Rxe7+ Kxe7 20. Ba3+ Kf7 21. Qd2 Kg8 22. h4 Rc6 23. Qg5 Qxg5 24. hxg5 cxb3 25. axb3 Rxc3 26. Be7 Rd7 27. Ba3 b4 0-1


[Site "https://www.chess.com"]

[Event "Titled Tuesday Blitz June 27 Late 2023"]
[White "Sanal, Vahap"]
[Black "Mathieu, Phileas"]
[WhiteFideId "6300545"]
[BlackFideId "36048410"]
[WhiteElo "2970"]
[BlackElo "2500"]
[Result "1-0"]
[Round "1"]
[TimeControl "180+2"]
[Date "2023.06.27"]
[WhiteClock "0:01:20"]
[BlackClock "0:00:53"]
[Board "23"]

1. e4 e5 2. Nc3 Nc6 3. Bc4 Nf6 4. d3 Bb4 5. Ne2 d5 6. exd5 Nxd5 7. Bd2 Nxc3 8. bxc3 Bd6 9. O-O O-O 10. f4 Kh8 11. f5 Qh4 12. Ng3 f6 13. Ne4 Ne7 14. Be1 Qh6 15. Bd2 Qh4 16. g4 h5 17. Be1 Qxg4+ 18. Qxg4 hxg4 19. Ng3 g6 20. fxg6 Nxg6 21. Bd2 f5 22. Bh6 Rf6 23. Nh5 Be7 24. Bg7+ Kh7 25. Bxf6 Bc5+ 26. d4 exd4 27. cxd4 Bd6 28. Bd3 Kh6 29. Ng7 Nf4 30. Nxf5+ Bxf5 31. Bxf5 Rf8 32. Be5 Rxf5 33. Rxf4 Rxf4 34. Bxf4+ Bxf4 35. Kg2 Kg5 36. Rb1 b6 37. Rb5+ Kf6 38. c4 a6 39. Rh5 Kg6 40. Rd5 Kf6 41. a4 a5 42. c5 Ke6 43. Rh5 Kf6 44. cxb6 cxb6 45. Rb5 Be3 46. Rxb6+ Kf5 47. Rb5+ Ke4 48. Rxa5 Bxd4 49. Rb5 Kd3 50. a5 Kc4 51. Rb7 Kc5 52. a6 Kc6 53. Rh7 1-0


[Site "https://www.chess.com"]

[Event "Titled Tuesday Blitz June 27 Late 2023"]
[White "Goncalves, Davi Sulzbacher"]
[Black "Kevlishvili, Robby"]
[WhiteFideId "2154510"]
[BlackFideId "1040634"]
[WhiteElo "2496"]
[BlackElo "2959"]
[Result "0-1"]
[Round "1"]
[TimeControl "180+2"]
[Date "2023.06.27"]
[WhiteClock "0:00:00"]
[BlackClock "0:00:38"]
[Board "24"]

1. Nf3 Nf6 2. d4 g6 3. c4 Bg7 4. Nc3 O-O 5. e4 d6 6. Be2 Bg4 7. O-O Na6 8. Be3 c5 9. d5 e6 10. h3 Bxf3 11. Bxf3 exd5 12. exd5 Re8 13. Re1 Nc7 14. Qd2 Qd7 15. a4 Na6 16. Bh6 Nb4 17. Bxg7 Kxg7 18. Rxe8 Rxe8 19. Re1 a6 20. Re3 Rxe3 21. Qxe3 Nc2 22. Qf4 Nd4 23. g4 Qe7 24. Kg2 h6 25. h4 Nd7 26. g5 hxg5 27. hxg5 Ne5 28. Bd1 Nxc4 29. Ne4 Qe5 30. Qf6+ Qxf6 31. gxf6+ Kf8 32. b3 Nb2 33. Bg4 Nxb3 34. Nxd6 c4 35. Nxb7 c3 36. d6 Nd4 37. Na5 Nd3 38. d7 Nf4+ 39. Kh2 Nfe6 40. Bxe6 Nxe6 41. Nb3 g5 42. Kg2 Kg8 43. Kf1 Kh7 44. Ke2 Kg6 45. Nd4 Nxd4+ 46. Kd3 Ne6 47. Kxc3 Kxf6 48. Kd3 Ke7 0-1


[Site "https://www.chess.com"]